3A
YUCCA VALLEY YELLOWS @ ATHLETIC CLUB KC U-24
09/01/2041
 
TOP OF THE 1ST
Yucca Valley Yellows batting - Pitching for Athletic Club KC U-24 : LHP Martin Porter
Pitching: LHP Martin Porter
Batting: RHB Aaron Tuttle 0-0: Foul Ball, location: 2F
0-1: Ball
1-1: Ball
2-1: Bunted foul
2-2: Ground out 4-3 (Groundball, 4, EV 82.5 MPH)
Batting: SHB Bill Gatacre 0-0: Called Strike
0-1: Foul Ball, location: 2F
0-2: Foul Ball, location: 2F
0-2: DOUBLE (Line Drive, 78XD, EV 101.9 MPH)
Batting: RHB Donnie Haggard 0-0: Ground out 5-3 (Groundball, 56, EV 99.4 MPH)
Batting: RHB Alfonso Ramos 0-0: Ball
1-0: Ball
2-0: Ball
3-0: Called Strike
3-1: Fly out, F4 (Line Drive, 4, EV 60.6 MPH)
Top of the 1st over - 0 runs, 1 hit, 0 errors, 1 left on base; Yucca Valley 0 - Athletic Club KC 0
BOTTOM OF THE 1ST
Athletic Club KC U-24 batting - Pitching for Yucca Valley Yellows : RHP Dan Sanders
Pitching: RHP Dan Sanders
Batting: SHB Tosya Mndoyants 0-0: Ball
1-0: Swinging Strike
1-1: Foul Ball, location: 2F
1-2: Foul Ball, location: 2F
1-2: Foul Ball, location: 2F
1-2: Ball
2-2: Strikes out swinging
Batting: RHB James Allingham 0-0: Fly out, F8 (Flyball, 78D, EV 90.6 MPH)
Batting: LHB Greg Flynn 0-0: Ball
1-0: Called Strike
1-1: Ball
2-1: Foul Ball, location: 2F
2-2: Foul Ball, location: 2F
2-2: Foul Ball, location: 2F
2-2: Ball
3-2: Fly out, F7 (Flyball, 7LMF, EV 106.9 MPH)
Bottom of the 1st over - 0 runs, 0 hits, 0 errors, 0 left on base; Yucca Valley 0 - Athletic Club KC 0
TOP OF THE 2ND
Yucca Valley Yellows batting - Pitching for Athletic Club KC U-24 : LHP Martin Porter
Batting: LHB Jon Kelly 0-0: Ball
1-0: Called Strike
1-1: SINGLE (Groundball, 4MD, EV 96.2 MPH)
Batting: LHB Tony San Pedro 0-0: Called Strike
Jon Kelly steals 2nd base
0-1: Ball
1-1: Ball
2-1: Ball
3-1: Foul Ball, location: 2F
3-2: Strikes out swinging, 2-3 out at first.
Batting: RHB John Gaudet 0-0: Called Strike
0-1: Hit by Pitch
Batting: RHB Denny Wolfe 0-0: Foul Ball, location: 2F
0-1: Fly out, F6 (Flyball, 6MD, EV 86.9 MPH)
Batting: RHB Eric Compton 0-0: Called Strike
0-1: Swinging Strike
0-2: Foul Ball, location: 2F
0-2: Strikes out swinging
Top of the 2nd over - 0 runs, 1 hit, 0 errors, 2 left on base; Yucca Valley 0 - Athletic Club KC 0
BOTTOM OF THE 2ND
Athletic Club KC U-24 batting - Pitching for Yucca Valley Yellows : RHP Dan Sanders
Batting: LHB Ron Whitney 0-0: Foul Ball, location: 2F
0-1: SINGLE (Line Drive, 34D, EV 96.2 MPH)
Batting: SHB Osvaldo Ardiles 0-0: Ball
Ron Whitney steals 2nd base
1-0: Swinging Strike
1-1: Foul Ball, location: 2F
1-2: Ball
2-2: Foul Ball, location: 2F
2-2: Ball
3-2: Strikes out looking
Batting: RHB Leon Burns 0-0: Foul Ball, location: 2F
0-1: Ball
1-1: Foul Ball, location: 2F
1-2: Ground out U3 (Groundball, 3D, EV 91.2 MPH)
Ron Whitney to third
Batting: RHB Neal Lewis 0-0: Fly out, F7 (Flyball, 7, EV 81.9 MPH)
Bottom of the 2nd over - 0 runs, 1 hit, 0 errors, 1 left on base; Yucca Valley 0 - Athletic Club KC 0
TOP OF THE 3RD
Yucca Valley Yellows batting - Pitching for Athletic Club KC U-24 : LHP Martin Porter
Batting: RHB Aaron Tuttle 0-0: Ball
1-0: DOUBLE (Line Drive, 9LM, EV 114.4 MPH)
Batting: SHB Bill Gatacre 0-0: Ball
1-0: Swinging Strike
1-1: SINGLE (Groundball, 3D, EV 106.2 MPH)
Aaron Tuttle to third
Batting: RHB Donnie Haggard 0-0: Fielders Choice at 2nd, 6-4 (Groundball, 6, EV 83.8 MPH)
Aaron Tuttle scores
Batting: RHB Alfonso Ramos 0-0: Called Strike
0-1: Called Strike
0-2: Strikes out swinging
Batting: LHB Jon Kelly 0-0: SINGLE (Line Drive, 3, EV 98.8 MPH)
Donnie Haggard to second
Runner from 2nd tries for 3rd, SAFE, throw by RF made to third
Batting: LHB Tony San Pedro 0-0: Called Strike
0-1: Called Strike
0-2: Strikes out swinging
Top of the 3rd over - 1 run, 3 hits, 0 errors, 2 left on base; Yucca Valley 1 - Athletic Club KC 0
BOTTOM OF THE 3RD
Athletic Club KC U-24 batting - Pitching for Yucca Valley Yellows : RHP Dan Sanders
Batting: LHB Carl Zimerman 0-0: Called Strike
0-1: Swinging Strike
0-2: Strikes out swinging
Batting: RHB William Lane 0-0: Ball
1-0: Ball
2-0: Called Strike
2-1: Fly out, F9 (Flyball, 9D, EV 95.6 MPH)
Batting: SHB Tosya Mndoyants 0-0: Ball
1-0: SOLO HOME RUN (Flyball, 9D, EV 104.4 MPH), Distance : 372 ft
Batting: RHB James Allingham 0-0: Ball
1-0: Called Strike
1-1: Ball
2-1: SINGLE (Line Drive, 7S, EV 92.5 MPH)
Batting: LHB Greg Flynn 0-0: Called Strike
0-1: Called Strike
0-2: Ball
1-2: Fly out, F9 (Flyball, 9LS, EV 96.9 MPH)
Bottom of the 3rd over - 1 run, 2 hits, 0 errors, 1 left on base; Yucca Valley 1 - Athletic Club KC 1
TOP OF THE 4TH
Yucca Valley Yellows batting - Pitching for Athletic Club KC U-24 : LHP Martin Porter
Batting: RHB John Gaudet 0-0: Foul Ball, location: 2F
0-1: Ball
1-1: Called Strike
1-2: Ball
2-2: Ball
3-2: Base on Balls
Batting: RHB Denny Wolfe 0-0: Fly out, F8 (Flyball, 8RM, EV 76.2 MPH)
Batting: RHB Eric Compton 0-0: Ball
1-0: Fielders Choice at 2nd, 5-4 (Groundball, 56S, EV 85.6 MPH)
Batting: RHB Aaron Tuttle 0-0: Called Strike
0-1: Fly out, F8 (Flyball, 78D, EV 87.5 MPH)
Top of the 4th over - 0 runs, 0 hits, 0 errors, 1 left on base; Yucca Valley 1 - Athletic Club KC 1
BOTTOM OF THE 4TH
Athletic Club KC U-24 batting - Pitching for Yucca Valley Yellows : RHP Dan Sanders
Batting: LHB Ron Whitney 0-0: Ball
1-0: Called Strike
1-1: Foul Ball, location: 2F
1-2: Foul Ball, location: 2F
1-2: Ball
2-2: Foul Ball, location: 2F
2-2: Strikes out swinging
Batting: SHB Osvaldo Ardiles 0-0: Called Strike
0-1: Foul Ball, location: 2F
0-2: Ball
1-2: SINGLE (Line Drive, 3D, EV 99.4 MPH)
Batting: RHB Leon Burns 0-0: Ball
1-0: Called Strike
1-1: Ball
2-1: Called Strike
2-2: Ball
Wild Pitch!
Osvaldo Ardiles to second
3-2: Strikes out swinging
Batting: RHB Neal Lewis 0-0: Called Strike
0-1: Ball
1-1: Ball
2-1: SINGLE (Flyball, 78M, EV 83.8 MPH)
Osvaldo Ardiles to third
Runner from 3rd tries for Home, SAFE, throw by LF to home
Neal Lewis to second
Batting: LHB Carl Zimerman 0-0: Called Strike
0-1: Foul Ball, location: 2F
0-2: Ball
1-2: Ball
2-2: SINGLE (Line Drive, 34D, EV 95.6 MPH)
Neal Lewis to third
Runner from 3rd tries for Home, SAFE, throw by RF to home
Batting: RHB William Lane 0-0: Ball
1-0: Fly out, F8 (Flyball, 8RS, EV 75.0 MPH)
Bottom of the 4th over - 2 runs, 3 hits, 0 errors, 1 left on base; Yucca Valley 1 - Athletic Club KC 3
TOP OF THE 5TH
Yucca Valley Yellows batting - Pitching for Athletic Club KC U-24 : LHP Martin Porter
Batting: SHB Bill Gatacre 0-0: Fly out, F7 (Line Drive, 7, EV 86.9 MPH)
Batting: RHB Donnie Haggard 0-0: Ball
1-0: Ball
2-0: Foul Ball, location: 2F
2-1: Foul Ball, location: 2F
2-2: Strikes out swinging
Batting: RHB Alfonso Ramos 0-0: SINGLE (Groundball, 56D, EV 100.6 MPH)
Batting: LHB Jon Kelly 0-0: Called Strike
0-1: Ground out 4-3 (Groundball, 4, EV 81.2 MPH)
Top of the 5th over - 0 runs, 1 hit, 0 errors, 1 left on base; Yucca Valley 1 - Athletic Club KC 3
BOTTOM OF THE 5TH
Athletic Club KC U-24 batting - Pitching for Yucca Valley Yellows : RHP Dan Sanders
Batting: SHB Tosya Mndoyants 0-0: Ball
1-0: Fly out, F7 (Line Drive, 7LM, EV 109.4 MPH)
Batting: RHB James Allingham 0-0: Ball
1-0: Ball
2-0: Foul Ball, location: 2F
2-1: Called Strike
2-2: Strikes out looking
Batting: LHB Greg Flynn 0-0: Ground out 4-3 (Groundball, 4, EV 81.2 MPH)
Bottom of the 5th over - 0 runs, 0 hits, 0 errors, 0 left on base; Yucca Valley 1 - Athletic Club KC 3
TOP OF THE 6TH
Yucca Valley Yellows batting - Pitching for Athletic Club KC U-24 : LHP Martin Porter
Batting: LHB Tony San Pedro 0-0: Foul Ball, location: 2F
0-1: Ball
1-1: Foul Ball, location: 2F
1-2: Strikes out swinging
Batting: RHB John Gaudet 0-0: Ball
1-0: Called Strike
1-1: Called Strike
1-2: Ball
2-2: Fly out, F9 (Flyball, 9LSF, EV 76.9 MPH)
Batting: RHB Denny Wolfe 0-0: Swinging Strike
0-1: Swinging Strike
0-2: Foul Ball, location: 2F
0-2: Ground out U3 (Groundball, 34, EV 90.6 MPH)
Top of the 6th over - 0 runs, 0 hits, 0 errors, 0 left on base; Yucca Valley 1 - Athletic Club KC 3
BOTTOM OF THE 6TH
Athletic Club KC U-24 batting - Pitching for Yucca Valley Yellows : RHP Dan Sanders
Batting: LHB Ron Whitney 0-0: Ground out 6-3 (Groundball, 6, EV 95.0 MPH)
Batting: SHB Osvaldo Ardiles 0-0: Foul Ball, location: 2F
0-1: Swinging Strike
0-2: Ball
1-2: Ball
2-2: Ball
3-2: Foul Ball, location: 2F
3-2: Strikes out swinging, 2-3 out at first.
Batting: RHB Leon Burns 0-0: Foul Ball, location: 2F
0-1: Swinging Strike
0-2: Foul Ball, location: 2F
0-2: Ball
1-2: Foul Ball, location: 2F
1-2: Strikes out looking
Bottom of the 6th over - 0 runs, 0 hits, 0 errors, 0 left on base; Yucca Valley 1 - Athletic Club KC 3
TOP OF THE 7TH
Yucca Valley Yellows batting - Pitching for Athletic Club KC U-24 : LHP Martin Porter
Batting: RHB Eric Compton 0-0: Ball
1-0: Foul Ball, location: 2F
1-1: Foul Ball, location: 2F
1-2: Strikes out swinging
Batting: RHB Aaron Tuttle 0-0: Ball
1-0: Fly out, F4 (Flyball, 4D, EV 86.9 MPH)
Batting: SHB Bill Gatacre 0-0: SINGLE (Groundball, 34D, EV 96.2 MPH)
Batting: RHB Donnie Haggard 0-0: Ball
1-0: Called Strike
1-1: Swinging Strike
1-2: Strikes out swinging
Top of the 7th over - 0 runs, 1 hit, 0 errors, 1 left on base; Yucca Valley 1 - Athletic Club KC 3
BOTTOM OF THE 7TH
Athletic Club KC U-24 batting - Pitching for Yucca Valley Yellows : RHP Dan Sanders
Pitching: LHP Steve Walden
Batting: RHB Neal Lewis 0-0: Ball
1-0: Ball
2-0: Foul Ball, location: 2F
2-1: Fly out, F4 (Popup, 34S, EV 79.4 MPH)
Batting: LHB Carl Zimerman 0-0: Called Strike
0-1: Ball
1-1: DOUBLE (Line Drive, 89M, EV 109.4 MPH)
Batting: RHB William Lane 0-0: Ball
1-0: Fly out, F6 (Flyball, 4MD, EV 90.0 MPH)
Batting: SHB Tosya Mndoyants 0-0: SINGLE (Groundball, 6MD, EV 103.8 MPH)
Carl Zimerman to third
Runner from 3rd tries for Home, SAFE, no throw by CF
Batting: RHB James Allingham 0-0: Called Strike
0-1: Ball
1-1: Swinging Strike
1-2: Ball
2-2: Ball
3-2: Strikes out swinging
Bottom of the 7th over - 1 run, 2 hits, 0 errors, 1 left on base; Yucca Valley 1 - Athletic Club KC 4
TOP OF THE 8TH
Yucca Valley Yellows batting - Pitching for Athletic Club KC U-24 : LHP Martin Porter
Pitching: RHP Yun-tae Yi
Batting: RHB Alfonso Ramos 0-0: Ball
1-0: Ball
2-0: Foul Ball, location: 2F
2-1: Foul Ball, location: 2F
2-2: Fly out, F7 (Flyball, 78S, EV 83.8 MPH)
Batting: LHB Jon Kelly 0-0: Swinging Strike
0-1: Swinging Strike
0-2: Ball
1-2: Strikes out looking
Batting: LHB Tony San Pedro 0-0: Ball
1-0: Foul Ball, location: 2F
1-1: Foul Ball, location: 2F
1-2: Ball
2-2: Strikes out swinging
Top of the 8th over - 0 runs, 0 hits, 0 errors, 0 left on base; Yucca Valley 1 - Athletic Club KC 4
BOTTOM OF THE 8TH
Athletic Club KC U-24 batting - Pitching for Yucca Valley Yellows : LHP Steve Walden
Batting: LHB Greg Flynn 0-0: Called Strike
0-1: Ball
1-1: Ground out 4-3 (Groundball, 4, EV 107.5 MPH)
Batting: LHB Ron Whitney 0-0: Ball
1-0: Ball
2-0: Ball
3-0: Called Strike
3-1: Foul Ball, location: 2F
3-2: Fly out, F9 (Flyball, 9, EV 90.0 MPH)
Batting: SHB Osvaldo Ardiles 0-0: Called Strike
0-1: Fly out, F9 (Flyball, 9, EV 92.5 MPH)
Bottom of the 8th over - 0 runs, 0 hits, 0 errors, 0 left on base; Yucca Valley 1 - Athletic Club KC 4
TOP OF THE 9TH
Yucca Valley Yellows batting - Pitching for Athletic Club KC U-24 : RHP Yun-tae Yi
Batting: RHB John Gaudet 0-0: Called Strike
0-1: Swinging Strike
0-2: Foul Ball, location: 2F
0-2: Ball
1-2: Strikes out swinging
Batting: RHB Denny Wolfe 0-0: Called Strike
0-1: Called Strike
0-2: Ball
1-2: Foul Ball, location: 2F
1-2: Strikes out looking
Batting: RHB Eric Compton 0-0: Swinging Strike
0-1: Called Strike
0-2: Ball
1-2: Ball
2-2: Strikes out swinging
Top of the 9th over - 0 runs, 0 hits, 0 errors, 0 left on base; Yucca Valley 1 - Athletic Club KC 4
Tuesday, January 5th, 2021 - OOTP Baseball 20.8 Build 74